 Dungeon Crawl Stone Soup version 0.30-a0-140-gd1020e658a (webtiles) character file.

Game seed: 17665172968523230257

55194 Decritt the Spry (level 14, -4/79 HPs)
             Began as a Spriggan Hunter on Sept 24, 2022.
             Was the Champion of Fedhas.
             Killed by an exploding bloated husk (24 damage)
             ... on level 2 of the Swamp.
             The game lasted 00:45:58 (20982 turns).

Decritt the Spry (Spriggan Hunter)                 Turns: 20982, Time: 00:45:59

Health: -4/79      AC:  4    Str:  7    XL:     14   Next: 37%
Magic:  0/21       EV: 33    Int: 15    God:    Fedhas [******]
Gold:   1181       SH:  0    Dex: 22    Spells: 13/13 levels left

rFire   . . .      SeeInvis +    u - +8 sling of Fae Purpose {vorpal, rPois rCorr Int+3}
rCold   . . .      Faith    .    (no shield)
rNeg    . . .      Spirit   +    c - +1 robe
rPois   +          Reflect  .    (helmet restricted)
rElec   .          Harm     .    q - +0 cloak
rCorr   +          Rampage  .    (gloves unavailable)
Will    +++..                    (boots unavailable)
Stlth   ++++++....               m - amulet of guardian spirit
HPRegen 0.23/turn                k - +4 ring of slaying
MPRegen 0.17/turn                i - ring of willpower

@: very quick
A: very small, no large weapons, unfitting armour, see invisible, speed 3
a: Renounce Religion, Wall of Briars, Grow Ballistomycete, Overgrow, Grow Oklob


You were on level 2 of the Swamp.
You worshipped Fedhas.
Fedhas was exalted by your worship.
You visited 5 branches of the dungeon, and saw 21 of its levels.

You collected 1221 gold pieces.
You spent 40 gold pieces at shops.

Inventory:

Hand Weapons
 a - a +1 shortbow of freezing
 u - the +8 sling of Fae Purpose (weapon) {vorpal, rPois rCorr Int+3}
   (You took it off a gnoll on level 5 of the Dungeon)

   Any ammunition fired from it inflicts extra damage upon your enemies.
   Int:       It affects your intelligence (+3).
   rPois:     It protects you from poison.
   rCorr:     It protects you from acid and corrosion.
Missiles
 h - 2 throwing nets
Armour
 c - a +1 robe (worn)
 q - a +0 cloak (worn)
Jewellery
 d - a ring of resist corrosion
 i - a ring of willpower (right hand)
 k - a +4 ring of slaying (left hand)
 m - an amulet of guardian spirit (around neck)
 x - a ring of willpower
 z - an amulet of regeneration
 E - a ring of protection from cold
 G - a ring of protection from fire
 J - a ring of flight
Wands
 g - a wand of iceblast (21)
 v - a wand of mindburst (17)
 w - a wand of charming (15)
 F - a wand of quicksilver (2)
 K - a wand of flame (14)
Scrolls
 b - 5 scrolls of immolation
 e - a scroll of silence {unknown}
 f - 2 scrolls of fear
 j - 3 scrolls of teleportation
 n - 2 scrolls of brand weapon
 o - 3 scrolls of poison
 y - 7 scrolls of enchant weapon
 C - 2 scrolls of fog
 I - a scroll of acquirement {unknown}
Potions
 l - 2 potions of invisibility
 p - 13 potions of curing
 r - a potion of attraction {unknown}
 s - 3 potions of mutation
 A - a potion of flight {unknown}
 B - 3 potions of heal wounds
 D - 2 potions of cancellation
 H - 2 potions of magic {unknown}
Miscellaneous
 L - a phantom mirror


   Skills:
 * Level 11.6 Fighting
 * Level 13.9 Ranged Weapons
 + Level 16.2 Dodging
 - Level 14.2 Stealth
 + Level 8.0 Invocations


You had 13 spell levels left.
You didn't know any spells.
Your spell library contained the following spells:

 Spells                   Type           Power      Damage    Failure   Level
 Apportation              Tloc           0%         N/A       26%         1
 Freeze                   Ice            0%         1d3       26%         1
 Necrotise                Necr           0%         1d4       26%         1
 Summon Small Mammal      Summ           0%         N/A       26%         1
 Call Canine Familiar     Summ           0%         N/A       63%         3
 Confusing Touch          Hex            0%         N/A       63%         3
 Frozen Ramparts          Ice            0%         1d1       63%         3
 Summon Guardian Golem    Hex/Summ       0%         N/A       63%         3
 Anguish                  Hex/Necr       0%         N/A       95%         4
 Cause Fear               Hex            0%         N/A       95%         4
 Hailstorm                Conj/Ice       0%         3d3       95%         4
 Fireball                 Conj/Fire      0%         3d3       100%        5
 Summon Forest            Summ/Tloc      0%         N/A       100%        5
 Summon Mana Viper        Hex/Summ       0%         N/A       100%        5
 Yara's Violent Unravell  Hex/Tmut       0%         3d3       100%        5
 Starburst                Conj/Fire      0%         6d3       100%        6
 Summon Cactus Giant      Summ           0%         N/A       100%        6
 Dragon Form              Tmut           0%         N/A       100%        7
 Enfeeble                 Hex            0%         N/A       100%        7
 Ignition                 Fire           0%         3d3       100%        8
 Dragon's Call            Summ           0%         N/A       100%        9


Dungeon Overview and Level Annotations

Branches:
Dungeon (12/15)            Temple (1/1) D:7            Lair (5/5) D:11
  Swamp (2/4) Lair:3       Spider (1/4) Lair:3        Slime (0/5) Lair:4
    Orc: D:9-12

Altars:
Ashenzari
Cheibriados
Dithmenos
Elyvilon
Fedhas
Gozag
Hepliaklqana
Kikubaaqudgha
Makhleb
Nemelex Xobeh
Okawaru
Qazlal
Ru
Sif Muna
Trog
Uskayaw
Vehumet
Wu Jian
Xom
Yredelemnul
Zin
The Shining One

Shops:
D:1 *

Annotations:
D:6 2 transporters, Heedrag's ghost, novice MiFi
D:7 4 runed translucent doors
Swamp:2 Frances


Innate Abilities, Weirdness & Mutations

You are very small and have problems with some larger weapons.
You are too small for most types of armour.
You have supernaturally acute eyesight. (SInv)
You cover ground extremely quickly. (Speed+++)


Message History

The spriggan druid calls out to the beasts of the wild!
You shoot a sling bullet.
The sling bullet completely misses the spriggan druid.
You hear a screech!
A tyrant leech comes into view.
You shoot a sling bullet.
The sling bullet barely misses the spriggan druid.
The spriggan druid gestures at you while chanting.
The stone arrow hits you!!!
Okay, then.
As you read the scroll of summoning, it crumbles to dust.
Wisps of shadow whirl around you...
You shoot a sling bullet.
The sling bullet misses the spriggan druid.
The sling bullet hits the orange demon!!
The orange demon is heavily wounded.
Your bloated husk dissolves into shadows!
Your bloated husk explodes!
The blast of putrescent gases engulfs the orange demon!!!
The orange demon dies!
The orange demon disappears in a puff of smoke!
The blast of putrescent gases engulfs your bloated husk!!
Your bloated husk dissolves into shadows!
The blast of putrescent gases engulfs your will-o-the-wisp!!
The blast of putrescent gases engulfs the spriggan druid!!
The blast of putrescent gases engulfs you!!!
* * * LOW HITPOINT WARNING * * *
The blast of putrescent gases engulfs your swamp drake!!
Your swamp drake dies!
Your swamp drake's corpse dissolves into shadows!
Your bloated husk explodes!
The blast of putrescent gases engulfs the spriggan druid!!
With its final breath, the spriggan druid offers up its power to the beasts of the wild!
The tyrant leech seems to grow more fierce.
The spriggan druid dies!
You hear a splash. x2
The blast of putrescent gases engulfs the tyrant leech!!!
The blast of putrescent gases engulfs you!!
You die...
Fedhas appreciates your contribution to the ecosystem.

♣§~~~~~4§~§♣
♣♣.~~~~~~~♣♣♣♣
♣~.~~~i.~~~...♣
♣♣~~~~~~...~~~~.
♣.~§~~~~......~~.
♣~.~~~~~~♣♣~♣♣~..
♣♣.....~♣♣ ♣♣ ~.~
♣♣.....♣♣♣♣♣♣ ..
♣.~~~~w.§)@~♣
♣.~~~~...†v♣♣
♣..~~~>..♣~♣
♣♣..~~§~♣♣♣♣
♣♣♣..~~♣ ♣♣~.~♣
♣♣♣♣♣


You could see a tyrant leech (strong, distracted) and a friendly will-o-the-wisp
(summoned).

Vanquished Creatures
  Snorg (Lair:5)
  2 hydras
  4 catoblepae
  2 boulder beetles
  Erica (D:11)
  A two-headed ogre (D:9)
  10 death yaks
  Urug (Lair:5)
  Sonja (Lair:5)
  A pharaoh ant (Lair:3)
  A swamp dragon (Lair:3)
  An orb spider (Spider:1)
  A deep elf pyromancer (D:12)
  2 manticores (Lair:5)
  A cyclops (D:12)
  2 wolf spiders (Lair:3)
  21 elephants
  2 black mambas
  Joseph (D:7)
  6 cane toads
  4 rime drakes
  4 komodo dragons
  A troll (D:12)
  Grinder (D:6)
  3 polar bears
  A meliai (Spider:1)
  3 hornets
  4 tarantellas
  21 blink frogs
  7 dream sheep (Lair:5)
  2 centaur simulacra (D:10)
  4 jumping spiders (Lair:3)
  Sigmund (D:6)
  3 culicivoras
  A spriggan (Swamp:1)
  3 wyverns
  3 wraiths
  2 vampires
  43 yaks
  2 basilisks
  2 steam dragons
  2 redbacks (Lair:3)
  Menkaure (D:6)
  A swamp worm (Swamp:1)
  Edmund (D:4)
  Duvessa (D:6)
  18 water moccasins
  2 sky beasts (D:7)
  3 orc warriors
  2 ice beasts (D:10)
  A swamp drake (Swamp:2)
  2 ogres (D:6)
  10 wolves
  9 centaurs
  11 bullfrogs
  2 scorpions
  3 necrophages
  7 wights
  Dowan (D:6)
  20 killer bees
  3 electric eels
  2 howler monkeys (D:9)
  3 hounds
  7 orc priests
  A gnoll bouda (D:7)
  A jelly (D:5)
  13 orc wizards
  5 iguanas
  6 hell rats
  8 gnolls
  11 adders
  10 river rats
  2 shadow imps (D:5)
  6 white imps
  An ufetubus (D:10)
  2 worms (D:2)
  A dart slug (D:5)
  50 orcs
  9 endoplasms
  A giant cockroach (D:3)
  4 goblins
  6 hobgoblins
  5 jackals
  7 quokkas
  5 ball pythons
  5 bats
  4 frilled lizards
  6 kobolds
  5 rats
463 creatures vanquished.

Vanquished Creatures (collateral kills)
  An orc (D:7)
1 creature vanquished.

Vanquished Creatures (others)
  A spriggan druid (Swamp:2)
  A phantom (D:7)
  A bush (Lair:5)
  21 fungi
  82 plants
106 creatures vanquished.

Grand Total: 570 creatures vanquished

Notes
Turn   | Place    | Note
-------+----------+-------------------------------------------
     0 | D:1      | Decritt the Spriggan Hunter began the quest for the Orb.
     0 | D:1      | Reached XP level 1. HP: 10/10 MP: 2/2
   228 | D:1      | Reached skill level 3 in Dodging
   228 | D:1      | Reached XP level 2. HP: 15/15 MP: 3/3
   452 | D:1      | Found Woutiudd's General Store.
   465 | D:1      | Bought a scroll of fear for 40 gold pieces
   898 | D:2      | Reached XP level 3. HP: 18/18 MP: 4/4
  1750 | D:3      | Reached XP level 4. HP: 15/23 MP: 5/5
  1915 | D:3      | Reached skill level 5 in Ranged Weapons
  2337 | D:3      | Found a shimmering altar of Xom.
  2338 | D:3      | Found a bloodstained altar of Trog.
  2339 | D:3      | Found an ornate altar of the Wu Jian Council.
  2339 | D:3      | Found an ancient bone altar of Kikubaaqudgha.
  2685 | D:3      | HP: 1/23 [orc wizard/+0 dagger (2)]
  2687 | D:3      | Reached skill level 4 in Dodging
  2687 | D:3      | Reached XP level 5. HP: 2/27 MP: 6/6
  3724 | D:4      | Noticed Edmund
  3753 | D:4      | Killed Edmund
  3754 | D:4      | Reached XP level 6. HP: 32/32 MP: 7/7
  3895 | D:4      | Reached skill level 5 in Dodging
  4061 | D:5      | Entered Level 5 of the Dungeon
  4389 | D:5      | Reached XP level 7. HP: 36/36 MP: 8/8
  4630 | D:5      | Identified the +8 sling of Fae Purpose {vorpal, rPois rCorr
                  | Int+3}
  4770 | D:5      | Reached skill level 6 in Dodging
  5238 | D:5      | Found a hazy altar of Hepliaklqana.
  5402 | D:5      | Reached XP level 8. HP: 39/42 MP: 9/9
  6010 | D:6      | Found a transporter.
  6114 | D:6      | Found a transporter.
  6114 | D:6      | Noticed a boulder beetle
  6141 | D:6      | Noticed Menkaure
  6153 | D:6      | Killed Menkaure
  6189 | D:6      | Noticed Heedrag's ghost (novice MiFi)
  6363 | D:6      | Reached skill level 5 in Fighting
  6375 | D:6      | Reached skill level 7 in Dodging
  6402 | D:6      | Reached skill level 5 in Stealth
  6537 | D:6      | Noticed Sigmund
  6543 | D:6      | Killed Sigmund
  6580 | D:6      | Reached XP level 9. HP: 48/48 MP: 10/10
  6688 | D:6      | Noticed Grinder
  6696 | D:6      | Killed Grinder
  6727 | D:6      | Reached skill level 8 in Dodging
  6765 | D:6      | Noticed Duvessa
  6767 | D:6      | Noticed Dowan
  6780 | D:6      | Killed Duvessa
  6782 | D:6      | Killed Dowan
  7270 | D:7      | Found a huge runed translucent gate.
  7270 | D:7      | Found a huge runed translucent gate.
  7270 | D:7      | Found a huge runed translucent gate.
  7270 | D:7      | Noticed a polar bear
  7270 | D:7      | Noticed a manticore
  7271 | D:7      | Found a huge runed translucent gate.
  7271 | D:7      | Noticed a polar bear
  7271 | D:7      | Noticed a polar bear
  7273 | D:7      | Noticed a polar bear
  7891 | D:7      | Noticed a polar bear
  7920 | D:7      | Noticed Joseph
  8132 | D:7      | HP: 2/50 [Joseph/iceblast (17)]
  8291 | D:6      | Reached skill level 9 in Dodging
  8318 | D:7      | Killed Joseph
  8319 | D:7      | Reached XP level 10. HP: 36/55 MP: 11/11
  8380 | D:7      | Found an iron altar of Okawaru.
  8403 | D:7      | Found a snail-covered altar of Cheibriados.
  8506 | D:7      | Found a staircase to the Ecumenical Temple.
  8515 | Temple   | Entered the Ecumenical Temple
  8542 | Temple   | Became a worshipper of Fedhas Madash
  8960 | D:8      | Reached skill level 1 in Invocations
  9125 | D:8      | Reached * piety under Fedhas
  9829 | D:9      | Noticed a two-headed ogre
  9838 | D:9      | Killed a two-headed ogre
  9839 | D:9      | Reached skill level 10 in Dodging
  9903 | D:9      | Found a stormy altar of Qazlal.
 10266 | D:9      | Reached ** piety under Fedhas
 10384 | D:9      | Reached skill level 10 in Ranged Weapons
 10639 | D:10     | Entered Level 10 of the Dungeon
 10686 | D:10     | Reached XP level 11. HP: 60/60 MP: 14/14
 10754 | D:10     | Noticed a death yak
 10798 | D:9      | Killed a death yak
 11111 | D:10     | Reached skill level 11 in Dodging
 11180 | D:10     | Reached skill level 10 in Stealth
 11588 | D:11     | Noticed a death yak
 11588 | D:11     | Noticed a death yak
 11597 | D:11     | Noticed a death yak
 11661 | D:10     | Killed a death yak
 11680 | D:10     | Killed a death yak
 11840 | D:11     | Noticed Erica
 11972 | D:10     | Reached *** piety under Fedhas
 12041 | D:10     | Killed a death yak
 12182 | D:11     | Killed Erica
 12241 | D:11     | Found a staircase to the Lair.
 12351 | D:11     | Reached skill level 5 in Invocations
 12703 | D:12     | Noticed a four-headed hydra
 12726 | D:11     | Killed a four-headed hydra
 12727 | D:11     | Reached skill level 12 in Dodging
 12914 | D:12     | Noticed a deep elf pyromancer
 12946 | D:12     | Killed a deep elf pyromancer
 13019 | Lair:1   | Entered Level 1 of the Lair of Beasts
 13178 | Lair:1   | Reached **** piety under Fedhas
 13326 | Lair:1   | Reached XP level 12. HP: 66/66 MP: 17/17
 14082 | Lair:2   | Noticed a catoblepas
 14099 | Lair:2   | Killed a catoblepas
 14252 | Lair:2   | Reached skill level 13 in Dodging
 14691 | Lair:2   | Reached ***** piety under Fedhas
 14941 | Lair:3   | Reached skill level 10 in Fighting
 14993 | Lair:3   | Found a staircase to the Swamp.
 15075 | Lair:3   | Found a hole to the Spider Nest.
 15096 | Lair:3   | Noticed a four-headed hydra
 15109 | Lair:3   | Killed a four-headed hydra
 15704 | Lair:4   | Reached skill level 14 in Dodging
 15725 | Lair:3   | Reached XP level 13. HP: 71/72 MP: 18/18
 16389 | Lair:4   | Found a staircase to the Slime Pits.
 16649 | Lair:5   | Entered Level 5 of the Lair of Beasts
 16650 | Lair:5   | Noticed Snorg
 16657 | Lair:5   | Killed Snorg
 16946 | Lair:5   | Noticed Sonja
 16949 | Lair:5   | Killed Sonja
 16960 | Lair:5   | Noticed Urug
 16993 | Lair:5   | Killed Urug
 17105 | Lair:5   | Reached skill level 15 in Dodging
 17179 | Lair:5   | Reached ****** piety under Fedhas
 17673 | Lair:5   | Found the +3 giant club "Skullcrusher" {speed, Str+7}
 17842 | Lair:5   | Reached XP level 14. HP: 58/79 MP: 15/20
 18063 | Lair:5   | Identified the +1 helmet of Integrity {-Tele rCorr Dex+2}
 18864 | Spider:1 | Entered Level 1 of the Spider Nest
 19331 | Lair:3   | Reached skill level 16 in Dodging
 20758 | Swamp:1  | Entered Level 1 of the Swamp
 20948 | Swamp:1  | You fall into a shaft and drop 1 floor!
 20948 | Swamp:2  | Noticed Frances
 20982 | Swamp:2  | Killed by an exploding bloated husk

Illustrated notes

Levels and vault maps discovered:
D:1:      amcnicky_arrival_single_pillar, layout_basic, serial_shops,
          nicolae_shop_waterfront, minivault_23
D:2:      layout_basic, chequers_serial_rivers_micro_d,
          chequers_decorated_corner
D:3:      layout_basic, chequers_temple_overflow_statue_of_worship
D:4:      layout_loops_ring, kennysheep_decorative_pillar, uniq_edmund
D:5:      minmay_thinvault, layout_layer_cave, nicolae_hepliaklqana_hippocampus,
          dk_noncrumbling_2
D:6:      layout_gridville, gammafunk_ghost_arena, uniq_grinder, uniq_duvessa,
          uniq_sigmund, uniq_menkaure
D:7:      lemuel_bear_cage, layout_basic, mainiacjoe_overflow_six_doors_small,
          kennysheep_mini, temple_hall, uniq_joseph
D:8:      layout_loops_corners
D:9:      layout_basic, nicolae_overflow_crystal_walls
D:10:     layout_basic, serial_ice, serial_ice_d, serial_ice_h, serial_ice_c,
          serial_ice_k
D:11:     layout_cave_pools, dpeg_lair_monsters, chequers_serial_rivers_small_a,
          uniq_erica
D:12:     layout_long_grid, kennysheep_orc_monster_closet_entryway,
          nicolae_two_hexagons, hellmonk_guarded_unrand_vines
Temple:   nicolae_temple_ecumenical_triangle
Lair:1:   layout_regular_city, kennysheep_rathole
Lair:2:   layout_loops_ring
Lair:3:   layout_chaotic_city, minmay_swamp_entry_reptiles, dummy_spider_entry,
          grunt_megastairs_1, infiniplex_staircase_pool_2
Lair:4:   layout_gridlike, slime_entry_1, grunt_megastairs_4
Lair:5:   evilmike_catoblepas_cave, layout_small_grid,
          infiniplex_staircase_pool, serial_bayou_shore_a, uniq_urug,
          uniq_sonja, uniq_snorg
Swamp:1:  layout_basic_swamp, evilmike_swamp_ruin_rubble_2, swamp_pool5,
          uniq_kirke
Swamp:2:  cheibrodos_swamp_heart_of_darkness, layout_basic_swamp,
          nicolae_swamp_ascending_descending, uniq_frances, uniq_donald,
          uniq_nikola
Spider:1: cheibrodos_spider_deadly_dance

Skill      XL: |  1  2  3  4  5  6  7  8  9 10 11 12 13 14 |
---------------+-------------------------------------------+-----
Dodging        | 3 4 5 6 7 9 10 12 14 15 16 | 16.2
Fighting       | 2 3 4 5 7 8 9 10 11 | 11.6
Ranged Weapons | 5 6 7 8 9 10 11 12 13 | 13.9
Stealth        | 3 6 8 9 11 12 13 14 | 14.2
Invocations    | 3 5 6 7 8 |  8.0

Action                   |  1- 3 |  4- 6 |  7- 9 | 10-12 | 13-15 || total
-------------------------+-------+-------+-------+-------+-------++-------
 Fire: Shortbow          |   103 |    97 |    35 |       |       ||   235
       Sling             |       |       |   203 |   724 |   654 ||  1581
Invok: Wall of Briars    |       |       |       |       |     2 ||     2
  Use: Scroll            |       |     8 |     7 |     7 |     4 ||    26
       Potion            |       |       |       |       |     2 ||     2
Armor: Robe              |       |     1 |     1 |     9 |    10 ||    21
Dodge: Dodged            |    37 |    19 |    68 |   272 |   253 ||   649

Table legend: (Time is in decaauts)
 A = Elapsed time spent in this place.
 B = Non-inter-level travel time spent in this place.
 C = Inter-level travel time spent in this place.
 D = Time resting spent in this place.
 E = Time spent auto-exploring this place.
 F = Levels seen in this place.
 G = Mean time per level.
                   A        B        C        D        E       F      G
               +--------+--------+--------+--------+--------+-----+--------+
         Total |  15981 |  15605 |    376 |   5448 |   7064 |  21 |  761.0 |
       Dungeon |   9722 |   9484 |    238 |   3198 |   4547 |  12 |  810.2 |
        Temple |     27 |     17 |     10 |      0 |      7 |   1 |   27.0 |
          Lair |   6155 |   6029 |    126 |   2250 |   2509 |   5 | 1231.0 |
         Swamp |     34 |     34 |      0 |      0 |      0 |   2 |   17.0 |
   Spider Nest |     40 |     40 |      0 |      0 |      0 |   1 |   40.0 |
               +--------+--------+--------+--------+--------+-----+--------+

Top non-repeatable levels by time:
  Lair:3: 2033 daAuts
     D:6: 1751 daAuts
  Lair:5: 1623 daAuts
     D:3: 1490 daAuts
     D:5: 1422 daAuts
  Lair:2: 1241 daAuts
    D:10: 1034 daAuts
     D:9: 866 daAuts
  Lair:4: 663 daAuts
     D:2: 620 daAuts
     D:8: 603 daAuts
  Lair:1: 594 daAuts
     D:4: 503 daAuts
     D:1: 442 daAuts
    D:11: 442 daAuts
